[Event "*** Titled Tuesday Blitz"]
[Site "Chess.com"]
[Date "2021.02.16"]
[Round "8"]
[White "frankshar"]
[Black "lagedema"]
[Result "1/2-1/2"]
[WhiteElo "2411"]
[BlackElo "2565"]
[TimeControl "180+1"]
[EndTime "11:28:42 PST"]
[Termination "Game drawn by agreement"]

1. d4 d5 2. c4 c6 3. Nc3 Nf6 4. e3 Bf5 5. cxd5 cxd5 6. Qb3 Nc6 7. Qxb7 Bd7 8. Qb3 Rb8 9. Qd1 e5 10. Nge2 Bd6 11. dxe5 Nxe5 12. Nd4 O-O 13. Be2 Nc4 14. O-O Nxb2 15. Bxb2 Rxb2 16. Nb3 Bxh2+ 17. Kxh2 Qc7+ 18. Kg1 Qxc3 19. Bf3 Bb5 20. Re1 Bc4 21. Qc1 Qxc1 22. Rexc1 Rb8 23. Rc3 g6 24. Nd4 Rd2 25. Nb3 Rb2 26.
Nd4 Kg7 27. Ra3 R8b7 28. Nc6 a6 29. Na5 Rc7 30. Nxc4 dxc4 31. Rc1 c3 32. Raxc3 Rxc3 33. Rxc3 Rxa2 34. Rc7 a5 35. Ra7 a4 36. e4 Ra1+ 37. Kh2 Re1 38. Rxa4 Nd7 1/2-1/2

[Event "*** Titled Tuesday Blitz"]
[Site "Chess.com"]
[Date "2021.02.16"]
[Round "8"]
[White "Harry_Rakkel"]
[Black "Anton_Demchenko"]
[Result "0-1"]
[WhiteElo "2688"]
[BlackElo "2899"]
[TimeControl "180+1"]
[EndTime "11:28:43 PST"]
[Termination "Anton_Demchenko won by resignation"]

1. e4 e5 2. Nf3 Nc6 3. Bb5 a6 4. Ba4 d6 5. O-O Nf6 6. Re1 Be7 7. d4 b5 8. Bb3 Nxd4 9. Nxd4 exd4 10. c3 dxc3 11. Nxc3 O-O 12. Bf4 Be6 13. a4 b4 14.
Nd5 Bxd5 15. exd5 Nd7 16. a5 Bf6 17. Qd2 Nc5 18. Bc4 Re8 19. Be3 Ne4 20. Qc2 h6 21. Rac1 Nc5 22. b3 Bc3 23. Red1 Qf6 24. Qe2 Re7 25. Qf1 Rxe3 26. fxe3 Qg5 27. Kh1 Qxe3 28. Rd3 Nxd3 29. Bxd3 g6 30. Bxa6 Rxa6 0-1

[Event "*** Titled Tuesday Blitz"]
[Site "Chess.com"]
[Date "2021.02.16"]
[Round "8"]
[White "Nozdrachev_Leonid"]
[Black "HrvojeZagreb"]
[Result "1-0"]
[WhiteElo "2532"]
[BlackElo "2264"]
[TimeControl "180+1"]
[EndTime "11:28:46 PST"]
[Termination "Nozdrachev_Leonid won on time"]

1. e4 e6 2. d4 d5 3. e5 c5 4. c3 Nc6 5. Nf3 Bd7 6. Bd3 cxd4 7. cxd4 Qb6 8. Nbd2 Nb4 9. Bb1 Bb5 10. Nb3 a5 11. a3 Nc6 12. Bd3 a4 13. Nc5 Bxc5 14. dxc5 Qxc5 15. Be3 d4 16. Rc1 Qd5 17. Nxd4 Bxd3 18.
Qxd3 Nxe5 19. Qe2 Qxg2 20. Qb5+ Nc6 21. Qxb7 Qxh1+ 22. Kd2 Qd5 23. Qxa8+ Nd8 24. Qxa4+ Qd7 25. Qa5 Nf6 26. Rc7 Qd5 27. Qa4+ Nd7 28. Ke1 Ke7 29.
Qb4+ Qd6 30. Nf5+ exf5 31. Bc5 1-0

[Event "*** Titled Tuesday Blitz"]
[Site "Chess.com"]
[Date "2021.02.16"]
[Round "8"]
[White "German_Bazeev"]
[Black "TregubovP"]
[Result "1-0"]
[WhiteElo "2743"]
[BlackElo "2557"]
[TimeControl "180+1"]
[EndTime "11:28:47 PST"]
[Termination "German_Bazeev won by resignation"]

1. d4 Nf6 2. Nf3 e6 3. c4 Bb4+ 4. Bd2 Qe7 5. g3 Bxd2+ 6. Nbxd2 d6 7. Bg2 e5 8. Nf1 O-O 9. Ne3 c6 10. d5 Ng4 11. Nxg4 Bxg4 12. O-O e4 13. Nd4 c5 14. Nc2 Nd7 15. Ne3 Bh5 16. Qd2 f5 17. f4 exf3 18.
exf3 f4 19. gxf4 Rxf4 20. Rae1 Qg5 21. Qf2 Ne5 22. Qg3 Qh6 23. h3 Raf8 24. Ng4 Qg5 25. b3 Be8 26. Kh2 Ng6 27. Nf2 Qxg3+ 28. Kxg3 h5 29.
Re6 Ne5 30. Ne4 h4+ 31. Kh2 Nxf3+ 32. Rxf3 Rxf3 33. Bxf3 1-0

[Event "*** Titled Tuesday Blitz"]
[Site "Chess.com"]
[Date "2021.02.16"]
[Round "8"]
[White "Fusikk"]
[Black "NikolaN98"]
[Result "0-1"]
[WhiteElo "2698"]
[BlackElo "2503"]
[TimeControl "180+1"]
[EndTime "11:28:49 PST"]
[Termination "NikolaN98 won by resignation"]

1. e4 c6 2. d4 d5 3. e5 Bf5 4.
Nf3 e6 5. Be2 Nd7 6. O-O Ne7 7.
Nbd2 Bg6 8. a4 f6 9. Nb3 fxe5 10.
dxe5 Nf5 11. Bf4 Be7 12. a5 O-O 13. c4 Nc5 14. Nxc5 Bxc5 15. Bg5 Qc7 16. cxd5 exd5 17. Rc1 Qxa5 18. Qb3 Qb6 19. Qa2 Rae8 20. Bd3 Nd4 21. Nxd4 Bxd3 22. Rfd1 Bxd4 23. Rxd3 Rxf2 24. Kh1 Ref8 25.
Rdd1 Bxe5 26. Qa3 Bxb2 0-1

[Event "*** Titled Tuesday Blitz"]
[Site "Chess.com"]
[Date "2021.02.16"]
[Round "8"]
[White "Leo_C"]
[Black "Kaslask"]
[Result "1-0"]
[WhiteElo "2426"]
[BlackElo "2260"]
[TimeControl "180+1"]
[EndTime "11:28:49 PST"]
[Termination "Leo_C won on time"]

1. d4 Nf6 2. c4 g6 3. f3 Bg7 4.
e4 d6 5. Nc3 O-O 6. Be3 a6 7. Qd2 Nbd7 8. O-O-O b5 9. e5 Ne8 10.
cxb5 dxe5 11. dxe5 Bxe5 12. bxa6 Nd6 13. h4 Bxa6 14.
Bxa6 Rxa6 15. h5 Qa8 16. hxg6 hxg6 17. Bd4 Bxd4 18. Qxd4 Nf6 19. Qh4 Nh5 20. g4 Rxa2 21.
gxh5 Rxb2 22. Kxb2 Rb8+ 23. Kc2 Qa3 24. Rb1 Rxb1 25. Nxb1 Qa2+ 26. Kc1 Nc4 27. Rh2 Qa4 28. hxg6 1-0

[Event "*** Titled Tuesday Blitz"]
[Site "Chess.com"]
[Date "2021.02.16"]
[Round "8"]
[White "crazy_but_lazy"]
[Black "ClydeHillKid"]
[Result "0-1"]
[WhiteElo "2488"]
[BlackElo "2389"]
[TimeControl "180+1"]
[EndTime "11:28:51 PST"]
[Termination "ClydeHillKid won on time"]

1. e4 e6 2. d4 d5 3. Nd2 Nf6 4. e5 Nfd7 5. Bd3 c5 6. c3 Nc6 7. Ne2 Qb6 8. Nf3 cxd4 9. cxd4 f6 10. exf6 Nxf6 11. O-O Bd6 12. a3 O-O 13. b4 e5 14.
dxe5 Nxe5 15. Nxe5 Bxe5 16. Rb1 Ng4 17. Qe1 Nxh2 18.
Be3 d4 19. Bf4 Bxf4 20. Nxf4 Nxf1 21. Nd5 Qd6 22. Ne7+ Kf7 23. Nxc8 Raxc8 24. Qxf1 Kg8 25. Rd1 Rc3 26. Qe2 Rxa3 27. Qe4 Qh6 28. Qxb7 Kh8 29.
Qd5 Qf4 30. f3 Qe3+ 31. Kh1 Rxd3 32. Rxd3 Qxd3 33. Qd6 Qf5 34. Qxd4 a6 0-1

[Event "*** Titled Tuesday Blitz"]
[Site "Chess.com"]
[Date "2021.02.16"]
[Round "8"]
[White "CM_rui"]
[Black "DinaBelenkaya"]
[Result "1-0"]
[WhiteElo "2408"]
[BlackElo "2290"]
[TimeControl "180+1"]
[EndTime "11:28:51 PST"]
[Termination "CM_rui won by checkmate"]

1. e4 d5 2. exd5 Qxd5 3. Nf3 Bg4 4. Be2 Nc6 5. O-O O-O-O 6. Nc3 Qd7 7. d3 e5 8. a3 f5 9. b4 Nf6 10. b5 Bxf3 11.
Bxf3 Nd4 12. Be3 Bd6 13. a4 g5 14. Bxg5 Rdf8 15. a5 Rhg8 16. Bxf6 Rxf6 17. b6 a6 18. bxc7 Rfg6 19. Rb1 Nxf3+ 20. Qxf3 Qxc7 21. Nd5 Qc6 22. Rb6 Rxg2+ 23. Kh1 Rxh2+ 24. Kxh2 e4+ 25. Kh1 Qxd5 26. dxe4 fxe4 27. Qh3+ Kb8 28. Rfb1 e3+ 29. f3 e2 30. Rxb7+ Ka8 31. R7b6 Bc7 32. Rxa6# 1-0

[Event "*** Titled Tuesday Blitz"]
[Site "Chess.com"]
[Date "2021.02.16"]
[Round "8"]
[White "MariaFominykh"]
[Black "McCarthyStone"]
[Result "0-1"]
[WhiteElo "2251"]
[BlackElo "2377"]
[TimeControl "180+1"]
[EndTime "11:28:52 PST"]
[Termination "McCarthyStone won on time"]

1. d4 d5 2. c4 Nc6 3. Nf3 Bg4 4. cxd5 Bxf3 5. dxc6 Bxc6 6. Nc3 Nf6 7. Bg5 e6 8. e4 h6 9. Bxf6 Qxf6 10. Be2 Rd8 11. d5 Bb4 12. O-O O-O 13. Qb3 Bxc3 14. dxc6 Bxb2 15. Rab1 Rd2 16. cxb7 Rb8 17. Bf3 Bd4 18. Qc4 Be5 19. Rfd1 Rxd1+ 20. Bxd1 Qf4 21. g3 Qd2 22. Qe2 Qa5 23. f4 Bd4+ 24. Kh1 Bb6 25. Qd3 Qxa2 26.
Bc2 Rxb7 27. Qd8+ Kh7 28. e5+ Qxc2 0-1

[Event "*** Titled Tuesday Blitz"]
[Site "Chess.com"]
[Date "2021.02.16"]
[Round "8"]
[White "Neftegor"]
[Black "kekic76"]
[Result "1/2-1/2"]
[WhiteElo "2570"]
[BlackElo "2409"]
[TimeControl "180+1"]
[EndTime "11:28:53 PST"]
[Termination "Game drawn by repetition"]

1. e4 e6 2. d4 d5 3. Nd2 dxe4 4.
Nxe4 Nd7 5. Nf3 Ngf6 6. Nxf6+ Nxf6 7. Be3 Be7 8. Bd3 O-O 9. Qe2 b6 10. O-O-O Bb7 11. Kb1 Nd5 12. Bd2 Nb4 13. Bxb4 Bxb4 14. Be4 Bxe4 15. Qxe4 Qd5 16. Qd3 Bd6 17. h4 c5 18. Ng5 Qf5 19. Qe2 cxd4 20. Rxd4 Bc5 21. Rd2 Rad8 22. Rhd1 Rxd2 23. Rxd2 h6 24. Ne4 Be7 25.
g3 Rd8 26. Rxd8+ Bxd8 27. a3 Qd5 28. c4 Qd4 29. Kc2 f5 30. Nc3 Kf7 31. f4 Bf6 32. Qd3 Qf2+ 33. Kb3 Bxc3 34. Kxc3 Qe1+ 35. Kb3 Kg6 36. Qf3 Kf6 37. Qd3 Kg6 38. Ka4 Qa5+ 39. Kb3 Qe1 1/2-1/2

[Event "*** Titled Tuesday Blitz"]
[Site "Chess.com"]
[Date "2021.02.16"]
[Round "8"]
[White "Vincent_Vega95"]
[Black "PSvidler"]
[Result "0-1"]
[WhiteElo "2695"]
[BlackElo "2912"]
[TimeControl "180+1"]
[EndTime "11:28:54 PST"]
[Termination "PSvidler won by resignation"]

1. Nf3 g6 2. c4 Bg7 3. e4 c5 4. d4 Qb6 5. dxc5 Qxc5 6. Be2 Nc6 7.
O-O d6 8. h3 Be6 9. Nbd2 Nf6 10. Rb1 O-O 11. a3 a5 12. b3 Nd7 13. b4 axb4 14. axb4 Nxb4 15. Nb3 Qc8 16. Nbd4 Nc6 17. Nxe6 fxe6 18. Be3 Nde5 19. Nd2 Ra3 20. Rb3 Rxb3 21. Qxb3 Nd7 22. Rb1 Nd4 23. Qd1 Nc5 24. Bf1 e5 25. g3 h5 26. Bg2 Kh7 27. Bxd4 exd4 28. Nf3 d3 29. Ng5+ Kh8 30. h4 Bf6 31. f4 Bxg5 32. hxg5 Qg4 33. Qxg4 hxg4 34. Kf2 Ra8 35. Ke3 Ra3 36. Rd1 d2+ 37. Kf2 Rd3 38. Bf1 Nxe4+ 39. Ke2 Rxg3 0-1

[Event "*** Titled Tuesday Blitz"]
[Site "Chess.com"]
[Date "2021.02.16"]
[Round "8"]
[White "Bulldog167"]
[Black "Shahaliyev"]
[Result "1-0"]
[WhiteElo "2876"]
[BlackElo "2673"]
[TimeControl "180+1"]
[EndTime "11:28:55 PST"]
[Termination "Bulldog167 won by resignation"]

1. d4 d5 2. c4 c6 3. cxd5 cxd5 4. Bf4 Nc6 5. e3 Nf6 6. Nc3 e6 7. Bd3 Bd6 8. Bxd6 Qxd6 9. f4 Bd7 10. Nf3 Ng4 11.
Qe2 f5 12. O-O O-O 13. Rac1 Be8 14. Ne5 Bh5 15. Nxg4 Bxg4 16. Qd2 Rfc8 17. a3 Na5 18. Nb5 Qb6 19. Qb4 a6 20. Nd6 Qxb4 21. axb4 Rxc1 22. Rxc1 Nc6 23. b5 Nb4 24. bxa6 bxa6 25. Bf1 h6 26. Rc7 a5 27. Bb5 a4 28. Bd7 Nd3 29. Bxe6+ Kh8 30.
Rb7 Bd1 31. Nf7+ 1-0

[Event "*** Titled Tuesday Blitz"]
[Site "Chess.com"]
[Date "2021.02.16"]
[Round "8"]
[White "juancruzarias"]
[Black "lilleper1"]
[Result "0-1"]
[WhiteElo "2646"]
[BlackElo "2840"]
[TimeControl "180+1"]
[EndTime "11:28:58 PST"]
[Termination "lilleper1 won by resignation"]

1. d4 Nf6 2. Bg5 c5 3. Nc3 cxd4 4. Qxd4 Nc6 5. Qh4 e6 6. O-O-O Be7 7. e4 h6 8. Bd3 Qa5 9. Nf3 d6 10. Rhe1 Bd7 11.
Kb1 a6 12. Bd2 Qc7 13. Qg3 O-O-O 14. e5 Nxe5 15. Nxe5 dxe5 16. Qxg7 Rdf8 17. Qg3 Bd6 18. Qh4 Nd5 19. Qh5 f5 20. f3 Kb8 21. Qh4 Rc8 22.
h3 h5 23. Rf1 Rhg8 24. Qf2 Bc5 25. Qe2 Bd4 26. Nxd5 exd5 27. c3 Bb6 28. Bc2 Ka7 29. Bb3 Bb5 30. Be3 Bxe2 0-1

[Event "*** Titled Tuesday Blitz"]
[Site "Chess.com"]
[Date "2021.02.16"]
[Round "8"]
[White "guillembaches"]
[Black "Godzillator"]
[Result "1-0"]
[WhiteElo "2463"]
[BlackElo "2283"]
[TimeControl "180+1"]
[EndTime "11:28:58 PST"]
[Termination "guillembaches won by resignation"]

1. e4 c6 2. d4 d5 3. exd5 cxd5 4. Bd3 Nc6 5. c3 Nf6 6. h3 g6 7. Bf4 Bf5 8. Be2 Bg7 9. Nf3 O-O 10. O-O a6 11. Nbd2 Ne4 12. Re1 b5 13. a3 Na5 14.
Bf1 Nxd2 15. Nxd2 Nc4 16. Ra2 Nxd2 17. Qxd2 Re8 18. a4 b4 19. cxb4 Qb6 20. Be5 Bxe5 21. Rxe5 Be6 22. b5 a5 23. b4 Rec8 24. bxa5 Rxa5 25. Rc2 Rca8 26. Rc6 Qb8 27. Qb4 Rxa4 28. Qxe7 Ra1 29. Rexe6 Rxf1+ 30. Kxf1 Qxb5+ 31. Kg1 fxe6 32. Rc7 1-0

[Event "*** Titled Tuesday Blitz"]
[Site "Chess.com"]
[Date "2021.02.16"]
[Round "8"]
[White "NemtsevIgor"]
[Black "KruHor"]
[Result "0-1"]
[WhiteElo "2362"]
[BlackElo "2525"]
[TimeControl "180+1"]
[EndTime "11:28:58 PST"]
[Termination "KruHor won by resignation"]

1. d4 Nf6 2. Bf4 h6 3. e3 Nc6 4. h3 d6 5. Nf3 Bf5 6. Bb5 a6 7. Ba4 b5 8. Bb3 Na5 9. Nc3 e6 10. O-O Be7 11. Qe2 Bh7 12. Bh2 O-O 13. Rfe1 c5 14. a4 c4 15. Ba2 b4 16. Nd1 b3 17. cxb3 cxb3 18. Bb1 Ne4 19. Nd2 d5 20. Bxe4 Bxe4 21. Nxe4 dxe4 22. Nc3 Bb4 23. Rec1 f5 24.
Be5 Qd7 25. g4 Rfc8 26. gxf5 exf5 27. Kh1 Rc6 28. Rg1 g6 29. Qh5 Kh7 30. Qh4 Bxc3 31. bxc3 Nc4 32. Bf4 g5 33. Rxg5 b2 34.
Rag1 Rb6 35. Qh5 b1=Q 36. Qg6+ Rxg6 37. Rxg6 Qxg1+ 38. Rxg1 Rg8 0-1

[Event "*** Titled Tuesday Blitz"]
[Site "Chess.com"]
[Date "2021.02.16"]
[Round "8"]
[White "Mikhail_Golubev"]
[Black "Vanina1989"]
[Result "1-0"]
[WhiteElo "2576"]
[BlackElo "2731"]
[TimeControl "180+1"]
[EndTime "11:28:59 PST"]
[Termination "Mikhail_Golubev won by resignation"]

1. e4 c6 2. d4 d5 3. Nc3 dxe4 4. Nxe4 Nf6 5. Nxf6+ exf6 6. c3 Bd6 7. Bd3 O-O 8.
Ne2 Re8 9. Qc2 h5 10. O-O h4 11. h3 Nd7 12. Bd2 Nf8 13. Rae1 Be6 14. b3 Qc7 15. f4 c5 16. f5 Bd7 17. d5 Nh7 18. c4 Be5 19. Nc3 Bd4+ 20. Kh1 Ng5 21. Bxg5 fxg5 22.
Ne4 Qe5 23. Qd1 Qe7 24. f6 Qf8 25. fxg7 Qxg7 26. Nd6 Rxe1 27. Qxe1 Be5 28. Rxf7 Bxd6 29. Rxg7+ Kxg7 30. Qe3 Bf4 31. Qe7+ 1-0

[Event "*** Titled Tuesday Blitz"]
[Site "Chess.com"]
[Date "2021.02.16"]
[Round "8"]
[White "MPGM"]
[Black "Balla_Tamas"]
[Result "1-0"]
[WhiteElo "2612"]
[BlackElo "2451"]
[TimeControl "180+1"]
[EndTime "11:29:03 PST"]
[Termination "MPGM won by resignation"]

1. c4 c5 2. Nc3 Nc6 3. g3 g6 4. Bg2 Bg7 5. b3 e6 6. Ba3 d6 7. e3 Nge7 8. Nge2 Nf5 9. O-O O-O 10. d3 Qd7 11. Qd2 b6 12. Bb2 Bb7 13. Rad1 Rad8 14. Ne4 d5 15. Bxg7 Kxg7 16. cxd5 exd5 17. Ng5 f6 18.
Nf3 d4 19. e4 Nd6 20. Nh4 f5 21.
exf5 Nxf5 22. Nxf5+ Qxf5 23. Nf4 Rde8 24. Rfe1 Nd8 25. Bxb7 Nxb7 26. Rxe8 Rxe8 27. Re1 Re5 28. Rxe5 Qxe5 29. h4 Nd6 30. Qd1 Nf5 31. Qf3 Kh6 32. Kg2 Qd6 33. h5 Qf6 34. hxg6 hxg6 35. Qg4 Qg5 36.
Qh3+ 1-0

[Event "*** Titled Tuesday Blitz"]
[Site "Chess.com"]
[Date "2021.02.16"]
[Round "8"]
[White "ErikBlomqvist"]
[Black "vladimirdamjanovic"]
[Result "0-1"]
[WhiteElo "2519"]
[BlackElo "2542"]
[TimeControl "180+1"]
[EndTime "11:29:05 PST"]
[Termination "vladimirdamjanovic won by resignation"]

1. e4 Nc6 2. Nf3 g6 3. d4 Bg7 4.
c3 d6 5. Bd3 Nf6 6. O-O O-O 7.
Re1 e5 8. h3 Nh5 9. dxe5 dxe5 10.
Bc4 Qe8 11. Be3 Be6 12. Nbd2 Rd8 13. Qc2 Qe7 14. b4 Nf4 15. Bc5 Qf6 16. Bxe6 fxe6 17. Bxf8 Rxf8 18. h4 h6 19. g3 Nh5 20. Qd1 Ne7 21.
Qe2 g5 22. hxg5 hxg5 23. Nh2 g4 24. Nxg4 Qg5 25. Nc4 Ng6 26. Nce3 c6 27. Qf1 Nxg3 28. fxg3 Rxf1+ 29. Rxf1 Nf4 30. Rad1 Ne2+ 31. Kg2 Nxc3 32. Rd8+ Qxd8 0-1

[Event "*** Titled Tuesday Blitz"]
[Site "Chess.com"]
[Date "2021.02.16"]
[Round "8"]
[White "Kurkusha"]
[Black "alejogarcia1999"]
[Result "0-1"]
[WhiteElo "2357"]
[BlackElo "2502"]
[TimeControl "180+1"]
[EndTime "11:29:05 PST"]
[Termination "alejogarcia1999 won on time"]

1. Nf3 Nf6 2. c4 g6 3. g3 Bg7 4.
Bg2 O-O 5. d4 d6 6. Nc3 Nbd7 7.
O-O e5 8. e4 exd4 9. Nxd4 Re8 10. Re1 c6 11. b3 Ng4 12. Bb2 Nc5 13. Rb1 Qb6 14. Na4 Nxa4 15. bxa4 Qa6 16. Nb3 Qxc4 17. Bxg7 Kxg7 18. Qxd6 Qxa4 19. Nc5 Qxa2 20. Qd4+ Kg8 21. h3 Ne5 22. f4 Bxh3 23. Rb2 Qa3 24. fxe5 Qxg3 25. Qf2 Qg5 26. Rxb7 Rf8 27. e6 fxe6 28. Qb2 e5 29. Nd3 Rae8 30. Kh2 Bxg2 31. Qxg2 Qh4+ 32. Kg1 Rf4 33. Nxf4 Qxe1+ 34. Kh2 exf4 35.
Qa2+ Kh8 36. Qf7 Qg3+ 37. Kh1 Qh3+ 38. Kg1 Qg3+ 39. Kh1 Qh4+ 40. Kg2 f3+ 41. Kxf3 Qxe4+ 42. Kg3 Qe3+ 43. Kg2 Qe2+ 0-1

[Event "*** Titled Tuesday Blitz"]
[Site "Chess.com"]
[Date "2021.02.16"]
[Round "8"]
[White "Grimlock_Glasgow"]
[Black "ybruned"]
[Result "0-1"]
[WhiteElo "2435"]
[BlackElo "2328"]
[TimeControl "180+1"]
[EndTime "11:29:05 PST"]
[Termination "ybruned won on time"]

1. e4 b6 2. d4 Bb7 3. Bd3 e6 4. Nh3 d5 5. e5 Ba6 6. Bxa6 Nxa6 7. O-O Ne7 8. c3 Qd7 9. b4 c5 10. bxc5 bxc5 11. Qe2 Nc7 12. Be3 cxd4 13. cxd4 Nf5 14. Nc3 Nxe3 15. fxe3 Be7 16. Nf4 O-O 17. Nh5 Ne8 18.
Rac1 f5 19. exf6 Nxf6 20. Nxf6+ Bxf6 21. Qb5 Qd6 22. Na4 Bg5 23. Rxf8+ Rxf8 24. Re1 Bh4 0-1

[Event "*** Titled Tuesday Blitz"]
[Site "Chess.com"]
[Date "2021.02.16"]
[Round "8"]
[White "Shuvalov"]
[Black "andrewtnb"]
[Result "1-0"]
[WhiteElo "2535"]
[BlackElo "2325"]
[TimeControl "180+1"]
[EndTime "11:29:06 PST"]
[Termination "Shuvalov won on time"]

1. Nf3 d5 2. c4 c6 3. g3 Nf6 4. Bg2 Bg4 5. Ne5 Be6 6. cxd5 Bxd5 7. Nf3 c5 8. Nc3 Bc6 9. d3 e6 10. O-O Be7 11. e4 O-O 12. h3 a5 13. Be3 a4 14. a3 Nbd7 15. Qc2 Qa5 16. Rfd1 Rfc8 17. Bd2 Qa7 18. Be3 Qa5 19. Nd2 b5 20. f4 Bb7 21.
e5 Nd5 22. Nxd5 Bxd5 23. Bxd5 exd5 24. Kh2 Qa6 25. Nf3 f6 26. Qg2 fxe5 27. Nxe5 Nxe5 28.
fxe5 Qe6 29. d4 c4 30. Bd2 Rf8 31. Rf1 g6 32. h4 h5 33. Bh6 Rxf1 34. Rxf1 Kh7 35.
Bd2 Rf8 36. Rxf8 Bxf8 37. Qf3 Be7 38. Qf4 Qg4 39. Qf7+ Kh8 40. Qe8+ 1-0

[Event "*** Titled Tuesday Blitz"]
[Site "Chess.com"]
[Date "2021.02.16"]
[Round "8"]
[White "kuba2006"]
[Black "Rodchenkov_Vitalij"]
[Result "1-0"]
[WhiteElo "2385"]
[BlackElo "2540"]
[TimeControl "180+1"]
[EndTime "11:29:06 PST"]
[Termination "kuba2006 won by checkmate"]

1. e4 d5 2. exd5 Qxd5 3. Nf3 Bg4 4. Be2 Nc6 5. d4 O-O-O 6. c4 Qf5 7. Be3 e5 8. d5 Bb4+ 9. Nc3 Nf6 10. O-O e4 11. Nd4 Nxd4 12. Bxg4 Qxg4 13. Qxd4 b6 14. h3 Qg6 15. Nb5 a6 16. Na7+ Kb7 17. Nc6 Bc5 18. Qc3 Nxd5 19. Nxd8+ Rxd8 20. cxd5 Rxd5 21. Bxc5 Rxc5 22.
Qe3 f5 23. Rad1 Qf6 24. Qd4 Qc6 25. Qe3 Qf6 26. Rc1 Rb5 27. Qf4 Qf7 28. b3 h6 29.
Rfd1 g5 30. Qd2 Re5 31. Qd7 Re7 32. Rxc7+ Ka8 33. Qc8# 1-0

[Event "*** Titled Tuesday Blitz"]
[Site "Chess.com"]
[Date "2021.02.16"]
[Round "8"]
[White "NovikovaGalina"]
[Black "starplatinum2030"]
[Result "1-0"]
[WhiteElo "2404"]
[BlackElo "2162"]
[TimeControl "180+1"]
[EndTime "11:29:07 PST"]
[Termination "NovikovaGalina won by resignation"]

1. e4 c5 2. Nf3 e6 3. d4 cxd4 4. Nxd4 Nc6 5. Nc3 Qc7 6. Be2 a6 7. O-O Nf6 8. Be3 Bb4 9. Bd3 O-O 10. Nxc6 bxc6 11. f4 Bxc3 12. bxc3 d5 13. e5 Nd7 14.
Qh5 g6 15. Qh6 a5 16. Rf3 f5 17. exf6 Nxf6 18. Bd4 Ng4 19. Qg5 c5 20. Bxg6 cxd4 21. Bxh7+ Kh8 22. Rh3 Qg7 23. Bg6+ Kg8 24. Qxg4 Rf6 25.
Rg3 e5 26. f5 Kf8 27. cxd4 e4 28. Qh4 Ke7 29. c4 Bd7 30. cxd5 Rh8 31. Qxe4+ Kd8 32. d6 Re6 33. fxe6 1-0

[Event "*** Titled Tuesday Blitz"]
[Site "Chess.com"]
[Date "2021.02.16"]
[Round "8"]
[White "Fiona"]
[Black "Chessbard1972"]
[Result "0-1"]
[WhiteElo "2130"]
[BlackElo "2344"]
[TimeControl "180+1"]
[EndTime "11:29:08 PST"]
[Termination "Chessbard1972 won by resignation"]

1. e4 c5 2. Nc3 a6 3. f4 b5 4. Nf3 Bb7 5. d3 e6 6. g3 Nf6 7. Bg2 b4 8. Ne2 d5 9. e5 Ng4 10. h3 Nh6 11. g4 Nc6 12. c3 a5 13.
O-O Qb6 14. Kh2 Be7 15. d4 O-O 16. Ng3 Kh8 17. f5 Ng8 18. fxe6 fxe6 19. Be3 Ba6 20. Rf2 Rac8 21. Bf1 bxc3 22. bxc3 cxd4 23. cxd4 Bxf1 24. Qxf1 Nb4 25. Rb1 Qd8 26. Rc1 Rxc1 27. Qxc1 Nd3 28. Qd2 Nxf2 29. Qxf2 Bh4 30. Kg2 Bxg3 31. Qxg3 Ne7 32.
Bg5 Qe8 33. Be3 Nc6 34. Ng5 h6 35. Nf3 Qf7 36. h4 Nb4 37. h5 Nc2 38. Bf2 Qf4 39.
Nh4 Qxg3+ 40. Kxg3 Rb8 41. Ng6+ Kg8 42. Nf4 Kf7 43.
Nd3 Rb1 44. Nc5 Nb4 45. g5 hxg5 46. Kg4 Rb2 47. Be3 Rxa2 48. Bxg5 Rg2+ 49. Kh4 Nc2 50. Nd3 Nxd4 51. Nf4 Nf3+ 52. Kh3 Rxg5 0-1

[Event "*** Titled Tuesday Blitz"]
[Site "Chess.com"]
[Date "2021.02.16"]
[Round "8"]
[White "geordie_derraugh"]
[Black "pavelalexandru07"]
[Result "1-0"]
[WhiteElo "2470"]
[BlackElo "2326"]
[TimeControl "180+1"]
[EndTime "11:29:09 PST"]
[Termination "geordie_derraugh won by resignation"]

1. e4 c5 2. c3 d5 3. exd5 Qxd5 4. Nf3 g6 5. d4 Bg7 6. Na3 Nh6 7. Bc4 Qe4+ 8. Qe2 Qxe2+ 9. Kxe2 cxd4 10. Nxd4 O-O 11. Nab5 Na6 12. Re1 Nf5 13. Nxf5 Bxf5 14. Be3 b6 15.
Nd4 Nc7 16. Nxf5 gxf5 17. Rad1 Rfd8 18. Bg5 Kf8 19. Kf3 Rxd1 20. Rxd1 Ke8 21. a4 f6 22.
Be3 e5 23. g3 Bf8 24. Bg8 h6 25. Bh7 Ke7 26. Bxf5 Ne6 27. a5 bxa5 28. Ra1 Rb8 29.
Rxa5 Rxb2 30. Rxa7+ Kd6 31. Ra6+ Kd5 1-0

[Event "*** Titled Tuesday Blitz"]
[Site "Chess.com"]
[Date "2021.02.16"]
[Round "8"]
[White "DanilNajdin"]
[Black "stepakyedael"]
[Result "0-1"]
[WhiteElo "2456"]
[BlackElo "2343"]
[TimeControl "180+1"]
[EndTime "11:29:10 PST"]
[Termination "stepakyedael won by checkmate"]

1. e4 c5 2. Nf3 e6 3. d4 cxd4 4. Nxd4 a6 5. Bd3 Qc7 6. Qe2 Bd6 7. c4 Ne7 8. Nc3 Ng6 9. g3 h5 10. h4 Ne5 11. O-O Nxd3 12. Qxd3 Be5 13. f4 Bf6 14. e5 Be7 15. Ne4 b6 16. f5 Nc6 17. Nxc6 Qxc6 18. Bg5 Bc5+ 19. Nxc5 bxc5 20. fxe6 Qxe6 21. Qd6 Qxd6 22.
exd6 f6 23. Rae1+ Kf7 24. Re7+ Kg6 25. Be3 Rb8 26. b3 Rb6 27. Bxc5 Rc6 28. b4 a5 29. a3 axb4 30. axb4 Ra6 31. b5 Ra4 32. Rc1 Ra2 33. b6 Bb7 34. Rxd7 Be4 35. Be3 Re2 36. Bf4 Ra8 37. b7 Raa2 38. b8=Q Rg2+ 39. Kf1 Bd3+ 40. Ke1 Rae2+ 41. Kf1 Ref2+ 42. Ke1 Rf1# 0-1

[Event "*** Titled Tuesday Blitz"]
[Site "Chess.com"]
[Date "2021.02.16"]
[Round "8"]
[White "Lysiak_Poltorak"]
[Black "stepanosinovsky"]
[Result "1-0"]
[WhiteElo "2435"]
[BlackElo "2301"]
[TimeControl "180+1"]
[EndTime "11:29:12 PST"]
[Termination "Lysiak_Poltorak won on time"]

1. d4 Nf6 2. c4 g6 3. Nc3 Bg7 4. e4 O-O 5. f3 d6 6. Nge2 c5 7. Be3 Nc6 8. Qd2 a6 9. Rd1 Qa5 10. dxc5 dxc5 11. Nf4 Rd8 12. Qc1 Nd4 13. Be2 b5 14.
O-O b4 15. Ncd5 Nxd5 16. exd5 Qxa2 17. Rf2 Bf5 18. Bd3 Nb3 19. Qc2 Nd4 20. Qc1 Bxd3 21. Rxd3 Nf5 22. Bxc5 Rac8 23. Bb6 Rxc4 24. Qd1 Rdc8 25.
b3 Rc1 26. Rxa2 Rxd1+ 27. Rxd1 Rc3 28. Rxa6 Be5 29. Nd3 Bd6 30. g4 Nh4 31. Ra8+ Kg7 32. Bd4+ 1-0

[Event "*** Titled Tuesday Blitz"]
[Site "Chess.com"]
[Date "2021.02.16"]
[Round "8"]
[White "Unknown_IM"]
[Black "AliKa2810"]
[Result "1/2-1/2"]
[WhiteElo "2401"]
[BlackElo "2544"]
[TimeControl "180+1"]
[EndTime "11:29:14 PST"]
[Termination "Game drawn by agreement"]

1. e4 c6 2. d4 d5 3. exd5 cxd5 4. Bd3 Nc6 5. c3 Qc7 6. Ne2 Bg4 7. O-O Bxe2 8.
Qxe2 e6 9. f4 Bd6 10. g3 Nf6 11.
Nd2 h5 12. h4 O-O-O 13. Nf3 Ng4 14. Ne5 g5 15. hxg5 Ngxe5 16. fxe5 Bf8 17. Kg2 Bg7 18. Rh1 Ne7 19. Rxh5 Ng6 20. Bf4 Rxh5 21. Qxh5 Rh8 22. Qg4 Qb6 23. Rb1 Bf8 24. Qe2 Be7 25. Rh1 Rxh1 26.
Kxh1 Qd8 27. Qh5 Qg8 28. Kg2 a6 29. Kf3 Qe8 30. Bxg6 fxg6 31. Qh7 Kd7 32. Qg7 Kd8 33. Kg2 Qb5 34. Qxg6 Qe2+ 35. Kh3 Qf1+ 36. Kg4 Qd1+ 37. Kh4 Qh1+ 38. Kg4 Qd1+ 1/2-1/2